 Dungeon Crawl Stone Soup version 0.17.1-1-g73c8601 (webtiles) character file.

34414 Miyamura the Thrower (level 13, 130/130 HPs)
             Began as a Troll Hunter on Jan 3, 2016.
             Was a High Priest of Okawaru.
             Drowned
             ... in an ice cave.
             The game lasted 01:01:55 (19257 turns).

Miyamura the Thrower (Troll Hunter)                Turns: 19257, Time: 01:01:55

Health: 130/130    AC:  5    Str: 23    XL:     13   Next: 42%
Magic:  15/15      EV: 13    Int:  7    God:    Okawaru [*****.]
Gold:   429        SH:  0    Dex: 14    Spells: 2 memorised, 4 levels left

rFire  + . .     SeeInvis .       - Unarmed
rCold  . . .     Clarity  .     t - +0 steam dragon armour
rNeg   . . .     SustAt   .     (no shield)
rPois  +         Gourm    +     M - +0 hat
rElec  .         Spirit   .     (no cloak)
rCorr  +         Warding  .     (gloves unavailable)
rMut   .         Stasis   .     (boots unavailable)
MR     ++...                    h - amulet of resist corrosion
Stlth  +.........               b - ring of protection from magic
                                R - ring "Eqem" {rPois rF+ MR+ EV-2}

@: very resistant to hostile enchantments, very unstealthy
A: unfitting armour, claws 3, horns 1, deformed body, fast metabolism 3,
gourmand, mutation resistance 1, regeneration 2, shaggy fur 1, tough skin 2
a: Heroism, Finesse, Renounce Religion


You were in an ice cave.
You worshipped Okawaru.
Okawaru was extremely pleased with you.
You were very full.

You visited 3 branches of the dungeon, and saw 17 of its levels.
You also visited: Ice Cave and Volcano.

You collected 996 gold pieces.
You spent 567 gold pieces at shops.

Inventory:

Hand Weapons
 u - the +8 glaive of Internal Strife {flame, Int+10 Dex+3}
   (Okawaru gifted it to you in a volcano)

   It has been specially enchanted to burn those struck by it, causing extra
   injury to most foes and up to half again as much damage against particularly
   susceptible opponents.
   Big, fiery blades are also staple armaments of hydra-hunters.
   It affects your intelligence (+10).
   It affects your dexterity (+3).
 w - a +5 giant spiked club of venom
 X - a +4 antimagic great mace
Missiles
 c - 12 large rocks (quivered)
 d - 3 throwing nets
 l - 12 curare-tipped needles
 n - 7 needles of slowing
 B - 40 poisoned needles
 D - 2 silver javelins
 E - 10 needles of paralysis
 W - 3 poisoned tomahawks
Armour
 t - a +0 steam dragon armour (worn)
 y - a +1 fire dragon armour
 G - a +0 cloak of cold resistance
 M - a +0 hat (worn)
 S - a +0 hat of cold resistance
 V - a +1 hat of cold resistance
 Z - a +1 robe of fire resistance
Jewellery
 b - a ring of protection from magic (right claw)
 h - an amulet of resist corrosion (around neck)
 i - an uncursed ring of see invisible
 x - an uncursed ring of positive energy
 J - an uncursed ring of fire
 K - an uncursed ring of teleportation
 R - the ring "Eqem" (left claw) {rPois rF+ MR+ EV-2}
   (You bought it in a shop on level 9 of the Dungeon)

   [ring of evasion]

   It affects your evasion (-2).
   It protects you from fire.
   It protects you from poison.
   It affects your resistance to hostile enchantments.
Wands
 j - a wand of magic darts (41)
 H - a wand of frost (14)
 U - a wand of lightning (9)
Scrolls
 a - a scroll of fear
 k - a scroll of summoning
 p - 5 scrolls of teleportation
 q - a scroll of immolation
 s - 3 scrolls of recharging
 C - 3 scrolls of amnesia
 F - 2 scrolls of blinking
 P - a scroll of vulnerability
 T - a scroll of fog
 Y - a scroll of remove curse
Potions
 f - 10 potions of curing
 o - a potion of lignification
 v - 2 potions of brilliance
 z - 4 potions of heal wounds
 I - 6 potions of might
 N - a potion of flight
 O - a potion of haste
Books
 L - a book of Changes

   Spells                             Type                      Level
   a - Beastly Appendage              Transmutation                1
   b - Sticks to Snakes               Transmutation                2
   c - Spider Form                    Transmutation/Poison         3
   d - Ice Form                       Ice/Transmutation            4
   e - Blade Hands                    Transmutation                5
Miscellaneous
 A - a disc of storms
 Q - a crystal ball of energy
Comestibles
 e - 13 bread rations
 g - 2 slices of pizza
 m - 5 meat rations
 r - 5 beef jerkies


   Skills:
 + Level 8.8 Fighting
 + Level 9.0 Maces & Flails
 + Level 10.2 Throwing
 + Level 9.1 Dodging
 - Level 0.4 Stealth
 + Level 10.1 Unarmed Combat
 - Level 5.0 Invocations


You had 4 spell levels left.
You knew the following spells:

 Your Spells              Type           Power        Failure   Level  Hunger
b - Blink                 Tloc           N/A          73%         2    ###....
f - Statue Form           Trmt/Erth      #........    100%        6    #######


Dungeon Overview and Level Annotations

Branches:
Dungeon (10/15)            Temple (1/1) D:4            Lair (6/8) D:9
 Shoals (0/4) Lair:3
  Snake: Lair:3-6    Spider: Lair:3-6     Slime: Lair:6-8       Orc: D:9-12

Altars:
Ashenzari
Cheibriados
Dithmenos
Elyvilon
Fedhas
Gozag
Kikubaaqudgha
Makhleb
Nemelex Xobeh
Okawaru
Qazlal
Ru
Sif Muna
Trog
Vehumet
Xom
Yredelemnul
Zin
The Shining One

Shops:
D:5 ![   D:7 [   D:9 =   D:10 (

Annotations:
Lair:1 exclusion: oklob plant IceCv exclusion: ice statue


Innate Abilities, Weirdness & Mutations

You are too large for most types of armour.
You have claws for hands.
Your metabolism is lightning-fast.
You like to eat raw meat.
You heal very quickly.
You are covered in fur (AC +1).
You have very tough skin (AC +2).
You have a pair of small horns on your head.
Armour fits poorly on your strangely shaped body.
You are somewhat resistant to further mutation.


Message History

G - a cloak of cold resistance Wear which item? (? for menu, Esc to quit)
Okay, then.
You now have 414 gold pieces (gained 19).
You now have 429 gold pieces (gained 15).
You see here a glowing battleaxe.
You see here a hat of cold resistance.
S - a hat of cold resistance You see here a glowing glaive.
You see here a hat of cold resistance.
V - a hat of cold resistance You are starting to lose your buoyancy.
Are you sure you want to fly over deep water while you are losing your buoyancy? [Y]es or [N]o only, please.
Are you sure you want to fly over deep water while you are losing your buoyancy? [Y]es or [N]o only, please.
Are you sure you want to fly over deep water while you are losing your buoyancy?
You float gracefully downwards.
You fall into the water!
You sink like a stone!
You drown...
You die...

# ### ## ##.######
.#### ###..@≈≈#≈#
#### ....##
##...#≈≈≈≈≈###...##
#.#..##
#.#.###≈≈≈≈.#.....#
##.#..## ##..##
##≈≈##......#
####..###..##
#≈≈##..###..#
#.#..##.##
#≈≈#.....##
##.#.#..#
#≈≈#.....)#
###..#.#
#≈≈#......## ###.##
#≈≈#.....).#


There were no monsters in sight!

Vanquished Creatures
  Rupert (Lair:5)
  Erolcha (D:8)
  A hydra (Lair:3)
  A queen ant (Lair:4)
  A hell knight (Volcano)
  3 manticores (Volcano)
  A hill giant (D:10)
  A lindwurm (Lair:4)
  3 elephants (Lair:5)
  A toenail golem (Volcano)
  A siren (Lair:3)
  2 black mambas
  11 spiny frogs
  A komodo dragon (Lair:1)
  A troll (D:9)
  A fire drake (Volcano)
  14 polar bears
  3 blink frogs (Lair:5)
  29 yaks
  2 spriggans
  A deep elf mage (D:9)
  2 wyverns
  2 hungry ghosts
  26 wolves
  2 soldier ants (Lair:4)
  9 hippogriffs
  A steam dragon (Lair:4)
  3 water moccasins
  8 porcupines
  Duvessa (D:7)
  4 black bears
  4 orc warriors
  2 sky beasts (D:9)
  5 ice beasts
  2 centaurs
  A necrophage (D:7)
  3 ogres
  10 crocodiles
  15 giant frogs
  Dowan (D:7)
  4 killer bees (D:9)
  5 scorpions
  A wasp zombie (D:5)
  5 crimson imps
  5 jellies
  A centaur zombie (D:9)
  9 orc priests
  A centaur skeleton (D:4)
  2 giant frog skeletons (D:7)
  5 orc wizards
  8 hounds
  Terence (D:2)
  22 worker ants
  Natasha (D:2)
  9 iguanas
  9 hell rats
  7 sheep (Lair:1)
  2 hound zombies (D:6)
  A hound skeleton (D:5)
  3 worker ant zombies
  4 gnolls (D:2)
  15 adders
  26 river rats
  3 shadow imps
  16 oozes
  An adder zombie (D:9)
  4 adder skeletons
  5 worms
  7 giant geckos
  40 orcs
  2 ball pythons
  4 bats
  6 goblins
  8 hobgoblins
  15 jackals
  11 kobolds
  5 quokkas
  8 giant cockroaches
  9 giant newts
  2 gnoll zombies (D:2)
  A jackal skeleton (D:4)
  A quokka skeleton (D:7)
  A quokka zombie (D:6)
  9 rats
  2 plants (Lair:5)
487 creatures vanquished.

Vanquished Creatures (collateral kills)
  A water moccasin (D:7)
  An orc wizard (D:7)
2 creatures vanquished.

Vanquished Creatures (others)
  An orc warrior (D:7)
  A worker ant (D:7)
  An adder (D:7)
  Natasha (D:2)
  2 orcs (D:7)
  A hobgoblin (D:3)
  A quokka (D:2)
  15 fungi
  3 plants
26 creatures vanquished.

Grand Total: 515 creatures vanquished

Notes
Turn   | Place    | Note
--------------------------------------------------------------
     0 | D:1      | Miyamura the Troll Hunter began the quest for the Orb.
     0 | D:1      | Reached XP level 1. HP: 19/19 MP: 0/0
   139 | D:1      | Reached XP level 2. HP: 26/28 MP: 1/1
   144 | D:1      | Reached skill level 1 in Unarmed Combat
   443 | D:1      | Reached XP level 3. HP: 35/35 MP: 2/2
  1035 | D:2      | Found a white marble altar of Elyvilon.
  1215 | D:2      | Found a glowing silver altar of Zin.
  1335 | D:2      | Found a basalt altar of Yredelemnul.
  1347 | D:2      | Noticed Natasha
  1354 | D:2      | Killed Natasha
  1354 | D:2      | Reached skill level 4 in Throwing
  1354 | D:2      | Reached XP level 4. HP: 28/42 MP: 3/3
  1715 | D:2      | Reached XP level 5. HP: 50/50 MP: 4/4
  1768 | D:2      | Noticed Terence
  1774 | D:2      | Killed Terence
  1941 | D:2      | Noticed Natasha
  1946 | D:2      | Killed Natasha
  2122 | D:3      | Found an iron altar of Okawaru.
  2134 | D:3      | Became a worshipper of Warmaster Okawaru
  2393 | D:3      | Found a stormy altar of Qazlal.
  2754 | D:4      | Reached skill level 1 in Maces & Flails
  2754 | D:4      | Reached XP level 6. HP: 59/59 MP: 5/5
  2838 | D:4      | Found a staircase to the Ecumenical Temple.
  2844 | Temple   | Entered the Ecumenical Temple
  3021 | D:4      | Noticed an ogre
  3029 | D:4      | Killed an ogre
  3140 | D:4      | Reached skill level 1 in Invocations
  3155 | D:4      | Found a blossoming altar of Fedhas.
  3358 | D:4      | Reached XP level 7. HP: 57/67 MP: 6/6
  3426 | D:5      | Entered Level 5 of the Dungeon
  3509 | D:5      | Reached skill level 5 in Throwing
  3532 | D:5      | Found Peusen's Distillery.
  3540 | D:5      | Bought a potion of heal wounds for 55 gold pieces
  3540 | D:5      | Bought a potion of haste for 110 gold pieces
  3548 | D:5      | Reached * piety under Okawaru
  3642 | D:5      | Got a scorched rapier
  3818 | D:5      | Found Vieg's Armour Emporium.
  3821 | D:5      | Bought the cursed -5 robe of Misfortune {-Cast *Contam *Tele EV-4 Str-2 Int-2 Dex-2 Stlth-- *Curse} for 1 gold piece
  4342 | D:6      | Reached XP level 8. HP: 73/75 MP: 8/8
  4659 | D:6      | Identified the +7 rapier of Gallantry {flame, Str+4} (You found it on level 5 of the Dungeon)
  4733 | D:6      | Reached ** piety under Okawaru
  5223 | D:7      | Found Jashrika's Armour Shop.
  5462 | D:7      | Reached skill level 6 in Throwing
  5553 | D:7      | Reached *** piety under Okawaru
  5553 | D:7      | Reached XP level 9. HP: 77/84 MP: 10/10
  5718 | D:7      | Reached skill level 5 in Unarmed Combat
  5738 | D:7      | Noticed Duvessa
  5741 | D:7      | Noticed Dowan
  5761 | D:7      | Killed Duvessa
  5772 | D:7      | Killed Dowan
  5949 | D:7      | Found a shimmering altar of Xom.
  6029 | D:7      | Learned a level 2 spell: Blink
  6165 | D:8      | Found an ancient bone altar of Kikubaaqudgha.
  6712 | D:8      | Noticed Erolcha
  6859 | D:8      | Reached skill level 5 in Dodging
  7115 | D:8      | Found a shadowy altar of Dithmenos.
  7256 | D:8      | Killed Erolcha
  7256 | D:8      | Reached **** piety under Okawaru
  7256 | D:8      | Reached skill level 5 in Fighting
  7256 | D:8      | Reached XP level 10. HP: 58/96 MP: 9/12
  7573 | D:9      | Received a gift from Okawaru
  7887 | D:9      | Reached skill level 7 in Throwing
  7892 | D:9      | Found a deep blue altar of Sif Muna.
  8144 | D:9      | Found Paamiofai's Jewellery Boutique.
  8150 | D:9      | Bought a cursed amulet of inaccuracy for 30 gold pieces
  8150 | D:9      | Bought a cursed ring of loudness for 67 gold pieces
  8221 | D:8      | Received a gift from Okawaru
  8450 | D:9      | Found a staircase to the Lair.
  8516 | D:9      | Reached skill level 5 in Maces & Flails
  8717 | D:10     | Entered Level 10 of the Dungeon
  8729 | D:10     | Noticed a hill giant
  8746 | D:9      | Reached skill level 5 in Invocations
  8859 | D:8      | Found a shimmering altar of Xom.
  9262 | D:10     | Found a bloodstained altar of Trog.
  9427 | D:10     | Killed a hill giant
  9427 | D:10     | Reached ***** piety under Okawaru
  9866 | D:10     | Found Couwoe's Weapon Boutique.
 10261 | D:9      | Gained mutation: Armour fits poorly on your strangely shaped body. [mutagenic meat]
 10262 | D:9      | Gained mutation: You are somewhat resistant to further mutation. [mutagenic meat]
 10265 | D:9      | Gained mutation: You have a pair of small horns on your head. [mutagenic meat]
 10342 | D:10     | Received a gift from Okawaru
 10612 | Lair:1   | Entered Level 1 of the Lair of Beasts
 10669 | Lair:1   | Reached XP level 11. HP: 105/105 MP: 13/13
 10899 | Lair:1   | Noticed a black mamba
 10907 | Lair:1   | Killed a black mamba
 10907 | Lair:1   | Received a gift from Okawaru
 11192 | Lair:1   | Noticed an oklob plant
 11712 | Lair:1   | Learned a level 6 spell: Statue Form
 11781 | Lair:2   | Reached skill level 8 in Throwing
 12865 | Lair:3   | Noticed a five-headed hydra
 12871 | Lair:3   | Killed a five-headed hydra
 13967 | Lair:3   | Found a staircase to the Shoals.
 14477 | Lair:4   | Received a gift from Okawaru
 14614 | Lair:4   | Reached XP level 12. HP: 105/118 MP: 14/14
 14865 | Lair:4   | Noticed a queen ant
 15042 | D:9      | Bought the cursed ring "Eqem" {rPois rF+ MR+ EV-2} for 304 gold pieces
 15533 | Lair:4   | Killed a queen ant
 15533 | Lair:4   | Received a gift from Okawaru
 15533 | Lair:4   | Reached skill level 9 in Throwing
 15767 | Lair:4   | Received a gift from Okawaru
 16846 | Lair:5   | Found a dark tunnel.
 16858 | Volcano  | Entered a volcano
 16932 | Volcano  | Received a gift from Okawaru
 16937 | Volcano  | Got an ivory glaive {god gift}
 16978 | Volcano  | Identified the +8 glaive of Internal Strife {flame, Int+10 Dex+3} (Okawaru gifted it to you in a volcano)
 17305 | Lair:5   | Noticed Rupert
 17774 | Lair:5   | Reached XP level 13. HP: 73/128 MP: 15/15
 17983 | Lair:5   | Killed Rupert
 17983 | Lair:5   | Received a gift from Okawaru
 17983 | Lair:5   | Reached skill level 10 in Throwing
 18278 | Lair:5   | Received a gift from Okawaru
 18716 | Lair:6   | Found a frozen archway.
 18726 | IceCv    | Entered an ice cave
 18733 | IceCv    | Reached skill level 10 in Unarmed Combat
 19257 | IceCv    | Drowned

Action                   |  1- 3 |  4- 6 |  7- 9 | 10-12 | 13-15 || total
-------------------------+-------+-------+-------+-------+-------++-------
Melee: Unarmed           |   121 |   168 |   427 |   820 |   157 ||  1693
       Giant spiked club |       |       |       |     3 |       ||     3
Throw: Large rock        |       |    18 |    21 |    83 |    10 ||   132
       Throwing net      |       |     1 |     1 |       |       ||     2
Invok: Heroism           |       |       |     2 |    11 |     4 ||    17
       Finesse           |       |       |       |     1 |     1 ||     2
Evoke: Wand              |       |       |     5 |       |       ||     5
  Use: Scroll            |     6 |     6 |    11 |    17 |     1 ||    41
       Potion            |       |       |     3 |     4 |     5 ||    12
 Stab: Sleeping          |     1 |     3 |     2 |     4 |       ||    10
       Distracted        |       |       |     1 |       |       ||     1
  Eat: Chunk             |    17 |    19 |    40 |   107 |    17 ||   200
       Meat ration       |       |       |     2 |       |       ||     2
       Beef jerky        |       |       |     1 |       |       ||     1
